Map: Eastwatch LE

Players

Maxime

  • Race: Terran Terran
  • Spawn Location: 7:00

Cell

  • Race: Terran Terran
  • League: Master
  • Spawn Location: 1:00

Anval

  • Race: Zerg Zerg

bysbo

  • Race: Zerg Zerg
  • League: Diamond

VOD

Have the link to the VOD?

Description

Time

  • Played on: Jan. 30, 2018, 10:46 a.m.
  • Length: 5:42
Show
View Real Time Build Order
Export as new Build Order

Maxime Terran 

Build Orders: Hellion Opening, Reaper Expand 

Get SALT Encoding   

  12  0:00  SCV  
  13  0:13  SCV  
  14  0:17  Supply Depot  
  14  0:25  SCV  
  15  0:29  Refinery  
  15  0:39  SCV  
  16  0:45  Barracks  
  16  0:51  SCV  
  17  1:03  SCV  
  18  1:15  SCV  
  19  1:32  Orbital Command, Reaper  
  20  1:44  Command Center  
  20  1:57  SCV  
  21  2:06  Factory, Barracks Reactor  
  21  2:10  SCV  
  22  2:16  Supply Depot  
  22  2:22  SCV  
  23  2:25  Refinery  
  23  2:38  SCV  
  24  2:54  Starport, Marine  
  25  2:58  Orbital Command  
  25  3:03  Hellion x2  
  29  3:08  SCV  
  29  3:12  Marine  
  31  3:21  Supply Depot  
  31  3:22  SCV  
  31  3:24  Hellion x2  
  36  3:27  Orbital Command  
  36  3:29  Marine  
  36  3:31  Medivac  
  39  3:35  SCV  
  39  3:41  Armory  
  40  3:48  Hellion x2  
  44  3:54  SCV x2  
  46  3:58  Marine  
  46  4:02  Medivac  
  49  4:06  SCV  
  50  4:13  Hellion x2  
  54  4:21  Bunker  
  54  4:23  Supply Depot  
  54  4:41  Marine  
  54  4:42  Supply Depot  
  54  4:44  Medivac  
  54  4:45  Hellion x2  
  60  4:54  SCV x2  
  62  5:00  Marine  
  62  5:06  Hellion x2, SCV  
  62  5:11  SCV  
  61  5:18  Command Center, Marine  
  62  5:21  SCV  
  66  5:31  Barracks  
  66  5:35  Supply Depot  
Show
View Real Time Build Order
Export as new Build Order

Cell Terran 

Build Orders:  

Get SALT Encoding   

  12  0:01  Drone  
  13  0:16  Drone  
  13  0:17  Overlord  
  14  0:36  Drone x2  
  14  0:37  Drone  
  17  0:58  Hatchery  
  17  1:01  Drone  
  17  1:02  Drone  
  18  1:12  Extractor  
  18  1:13  Drone  
  18  1:20  Spawning Pool  
  18  1:22  Drone  
  18  1:33  Drone  
  19  1:42  Drone  
  20  1:54  Overlord  
  20  2:08  Extractor  
  19  2:10  Drone x2  
  19  2:13  Queen  
  19  2:14  Queen  
  25  2:17  Drone  
  25  2:18  Metabolic Boost  
  25  2:20  Drone  
  28  2:29  Drone  
  29  2:43  Hatchery  
  28  2:46  Drone x2  
  28  2:48  Drone  
  30  2:59  Drone  
  31  3:11  Queen  
  31  3:12  Overlord x2  
  33  3:15  Drone x2  
  34  3:35  Drone x6  
  40  3:56  Queen x2  
  40  4:01  Drone x7  
  51  4:11  Overlord  
  51  4:13  Zergling x6  
  51  4:14  Zergling x2  
  55  4:30  Zergling x14  
  57  4:56  Zergling x16  
  57  4:57  Zergling x2  
  57  5:15  Zergling x2  
  57  5:16  Zergling x8  
Show
View Real Time Build Order
Export as new Build Order

Anval Zerg 

Build Orders:  

Get SALT Encoding   

Show
View Real Time Build Order
Export as new Build Order

bysbo Zerg 

Build Orders:  

Get SALT Encoding   

Tags
 
Add a new tag
Caveats
  • Supply blocks, unpowered buildings, or Contaminate may cause inaccurate times.
  • Supply counts are checked every 10 seconds.